 Dungeon Crawl Stone Soup version 0.28.0-45-g0d030f2227 (webtiles) character file.

Game seed: 16964213286075442246

118 Descartes the Conjurer (level 4, -1/24 HPs)
             Began as a Deep Elf Conjurer on Apr 8, 2022.
             Killed by divine providence
             ... invoked by an orc priest
              (14 damage)
             ... on level 3 of the Dungeon.
             The game lasted 00:04:44 (2683 turns).

Descartes the Conjurer (Deep Elf Conjurer)          Turns: 2683, Time: 00:04:44

Health: -1/24      AC:  2    Str:  6    XL:     4   Next: 72%
Magic:  5/10       EV: 12    Int: 23    God:
Gold:   74         SH:  0    Dex: 13    Spells: 8/9 levels left

rFire   . . .      SeeInvis .   c - +0 hunting sling
rCold   . . .      Faith    .   (no shield)
rNeg    . . .      Spirit   .   a - +0 robe
rPois   .          Reflect  .   (no helmet)
rElec   .          Harm     .   (no cloak)
rCorr   .          Rampage  .   (no gloves)
Will    .....                   (no boots)
Stlth   ++........              (no amulet)
HPRegen 0.08/turn               (no ring)
MPRegen 0.12/turn               (no ring)

@: no status effects
A: no striking features
a: no special abilities


You were on level 3 of the Dungeon.
You visited 1 branch of the dungeon, and saw 3 of its levels.

You collected 74 gold pieces.

Inventory:

Hand Weapons
 c - a +0 hunting sling (weapon)
 n - a +2 short sword of holy wrath
 p - a +0 quarterstaff
Missiles
 e - 91 stones (quivered ammo)
 j - 30 arrows
Armour
 a - a +0 robe (worn)
Scrolls
 b - a scroll of identify {unknown}
 f - a scroll of blinking {unknown}
 g - a scroll of silence {unknown}
 m - a scroll of immolation {unknown}
Potions
 d - 2 potions of degeneration {unknown}
 h - a potion of resistance {unknown}
 i - 2 potions of heal wounds {unknown}
 k - a potion of curing {unknown}
 l - a potion of might {unknown}
 o - a potion of cancellation {unknown}
 q - a potion of lignification {unknown}


   Skills:
 - Level 2.4 Dodging
 - Level 2.4 Stealth
 - Level 3.0 Spellcasting
 + Level 6.8 Conjurations


You had 8 spell levels left.
You knew the following spells:

 Your Spells              Type           Power      Damage    Failure   Level
a - Magic Dart            Conj           100%       1d8       1%          1

Your spell library contained the following spells:

 Spells                   Type           Power      Damage    Failure   Level
 Searing Ray              Conj           68%        2d6       1%          2
 Dazzling Flash           Conj/Hex       38%        N/A       9%          3
 Fulminant Prism          Conj/Hex       9%         3d7       28%         4
 Iskenderun's Mystic Bla  Conj/Tloc      19%        2d6       28%         4


Dungeon Overview and Level Annotations

Branches:
Dungeon (3/15)

Altars:


Message History

The orc hits you with a +0 whip.
Casting: Magic Dart (safe; 1% risk of failure)
Confirm with . or Enter, or press ? or * to list all spells.
Aiming: Magic Dart (safe; 1% risk of failure)
Press: ? - help, Shift-Dir - straight line, f/p - orc
Aim: an orc, wielding a +0 whip and wearing a +0 ring mail (heavily wounded, 100% to hit)
The magic dart hits the orc but does no damage.
The orc is heavily wounded.
The orc hits you with a +0 whip.
Casting: Magic Dart (safe; 1% risk of failure)
Confirm with . or Enter, or press ? or * to list all spells.
Aiming: Magic Dart (safe; 1% risk of failure)
Press: ? - help, Shift-Dir - straight line, f/p - orc
Aim: an orc, wielding a +0 whip and wearing a +0 ring mail (heavily wounded, 100% to hit)
The magic dart hits the orc.
The orc is severely wounded.
The orc hits you with a +0 whip.
Casting: Magic Dart (safe; 1% risk of failure)
Confirm with . or Enter, or press ? or * to list all spells.
Aiming: Magic Dart (safe; 1% risk of failure)
Press: ? - help, Shift-Dir - straight line, f/p - orc
Aim: an orc, wielding a +0 whip and wearing a +0 ring mail (severely wounded, 100% to hit)
The magic dart hits the orc.
You kill the orc!
An orc priest opens the door.
An orc comes into view. It is wielding a +0 hand axe.
An orc comes into view. It is wielding a +0 mace of protection.
Unknown command.
Casting: Magic Dart (safe; 1% risk of failure)
Confirm with . or Enter, or press ? or * to list all spells.
Aiming: Magic Dart (safe; 1% risk of failure)
Press: ? - help, Shift-Dir - straight line, f - orc priest
Aim: an orc priest, wielding a +0 hand axe (100% to hit)
The magic dart hits the orc priest!
The orc priest is heavily wounded.
The orc shouts!
You hear an angry hiss.
The orc priest calls down the wrath of Beogh upon you.
Beogh smites you!
Ouch! That really hurt!
You die...

...oo.# ...
..# ......#
.o....
##'#..#
#....#
#####)...##.#
#....@......#
#.#.##..#####
# ..# ..# ###


You could see an orc priest and 2 orcs.

Vanquished Creatures
  An iguana (D:2)
  2 gnolls
  An adder (D:2)
  2 dart slugs (D:1)
  An orc (D:3)
  6 endoplasms
  2 giant cockroaches
  3 goblins
  6 hobgoblins
  6 jackals (D:1)
  11 kobolds
  2 quokkas (D:1)
  A bat (D:2)
  3 frilled lizards
  8 rats
55 creatures vanquished.

Notes
Turn   | Place    | Note
-------+----------+-------------------------------------------
     0 | D:1      | Descartes the Deep Elf Conjurer began the quest for the
                  | Orb.
     0 | D:1      | Reached XP level 1. HP: 10/10 MP: 6/6
   275 | D:1      | Reached XP level 2. HP: 15/15 MP: 5/8
   354 | D:1      | Reached skill level 5 in Conjurations
   855 | D:1      | Reached XP level 3. HP: 15/19 MP: 1/9
  1518 | D:2      | Found a faded altar of an unknown god.
  1799 | D:2      | Reached skill level 6 in Conjurations
  2199 | D:2      | Reached XP level 4. HP: 24/24 MP: 7/10
  2683 | D:3      | Killed from afar by an orc priest

Illustrated notes

Levels and vault maps discovered:
D:1:      beargit_arrival_diablo_church, layout_basic, minmay_hexomino_p4
D:2:      layout_basic, shapermc_ecumenical_altar_venn
D:3:      layout_basic, okawaru_altar_gauntlet_db, uniq_robin

Skill      XL: |  1  2  3 |
---------------+----------+-----
Conjurations   | 5 6 |  6.8
Dodging        | |  2.4
Stealth        | |  2.4
Spellcasting   | |  3.0

Action                   |  1- 3 |  4- 6 || total
-------------------------+-------+-------++-------
 Fire: Hunting sling     |     7 |       ||     7
 Cast: Magic Dart        |    89 |    20 ||   109
Armor: Robe              |     3 |       ||     3
Dodge: Dodged            |    19 |       ||    19
